 Dungeon Crawl Stone Soup version 0.30.1-4-g462c640d31 (webtiles) character file.

Game seed: 13746143406794445623

95 growler the Insei (level 4, -2/28 HPs)
             Began as an Octopode Transmuter on Sept 2, 2023.
             Slain by an ogre
             ... wielding a +0 giant spiked club
              (30 damage)
             ... on level 3 of the Dungeon.
             The game lasted 00:04:03 (1595 turns).

growler the Insei (Octopode Transmuter)             Turns: 1595, Time: 00:04:04

Health: -2/28      AC:  2    Str:  9    XL:     4   Next: 66%
Magic:  5/8        EV: 19    Int: 17    God:
Gold:   171        SH:  0    Dex: 17    Spells: 2/8 levels left

rFire   . .          .
                       - Unarmed
rCold   . . .        (shield currently unavailable)
rNeg    . . .        (helmet currently unavailable)
rPois   x            (no amulet)
rElec   .            (no ring)
rCorr   .            (no ring)
SInv    .            (no ring)
Will    .....        (no ring)
Stlth   ++           (no ring)
HPRegen 0.24/turn    (no ring)
MPRegen 0.11/turn    (no ring)
                     (no ring)

%: no passive effects
@: spider-form
A: venomous fangs, almost no armour, (amphibious), 8 rings, tiny, (camouflage
1), (gelatinous body 1), (nimble swimmer 1), (tentacles)
a: End Transformation


You were on level 3 of the Dungeon.
You were a venomous arachnid creature.
You visited 1 branch of the dungeon, and saw 3 of its levels.

You collected 171 gold pieces.

Inventory:

Wands
 q - a wand of acid (9)
Scrolls
 c - a scroll of magic mapping {unknown}
 d - a scroll of fog {unknown}
 e - a scroll of enchant armour {unknown}
 i - 3 scrolls of identify {unknown}
 j - a scroll of noise {unknown}
 p - a scroll of teleportation {unknown}
Potions
 a - a potion of lignification
 b - 3 potions of might {unknown}
 f - a potion of heal wounds {unknown}
 g - a potion of degeneration {unknown}
 h - a potion of flight {unknown}
 k - 2 potions of resistance {unknown}
 l - 2 potions of brilliance {unknown}
 m - a potion of haste {unknown}
 n - a potion of attraction {unknown}
 o - a potion of invisibility {unknown}
 r - a potion of curing {unknown}


   Skills:
 - Level 1.1 Fighting
 - Level 2.1 Dodging
 + Level 3.8 Unarmed Combat
 + Level 2.9 Spellcasting
 + Level 3.0 Transmutations


You had 2 spell levels left.
You knew the following spells:

 Your Spells              Type           Power      Damage    Failure   Level
a - Beastly Appendage     Tmut           24%        N/A       14%         1
b - Wereblood             Tmut           12%        N/A       21%         2
c - Spider Form           Tmut/Pois      7%         N/A       50%         3

Your spell library contained the following spells:

 Spells                   Type           Power      Damage    Failure   Level
 Sting                    Tmut/Pois      28%        1d4       24%         1
 Passwall                 Tmut/Erth      5%         N/A       32%         2
 Freeze                   Ice            8%         1d3       38%         1
 Sandblast                Erth           4%         2d4       38%         1
 Poisonous Vapours        Pois/Air       4%         N/A       47%         2
 Dazzling Flash           Conj/Hex       4%         N/A       69%         3
 Frozen Ramparts          Ice            4%         1d1       69%         3
 Hailstorm                Conj/Ice       2%         3d3       69%         3
 Portal Projectile        Hex/Tloc       4%         N/A       69%         3
 Stone Arrow              Conj/Erth      4%         3d7       69%         3
 Tukima's Dance           Hex            2%         N/A       69%         3
 Ice Form                 Ice/Tmut       7%         N/A       85%         4
 Blade Hands              Tmut           6%         N/A       92%         5
 Olgreb's Toxic Radiance  Pois           2%         N/A       96%         4
 Summon Lightning Spire   Summ/Air       2%         N/A       96%         4
 Agony                    Necr           2%         N/A       100%        5
 Silence                  Hex/Air        1%         N/A       100%        5
 Storm Form               Tmut/Air       3%         N/A       100%        7
 Maxwell's Capacitive Co  Air            1%         ∞         100%        8


Dungeon Overview and Level Annotations

Branches:
Dungeon (3/15)

Altars:
Xom


Innate Abilities, Weirdness & Mutations

You are a venomous arachnid creature.
You have venomous fangs.
You are tiny and dextrous.
Your spellcasting is less reliable in this form.
Your armour is entirely melded.
You are incapable of wielding weapons or throwing items.
You cannot wear most types of armour.
((You are amphibious.))
You can wear up to eight rings at the same time.
((Your skin changes colour to match your surroundings (Stealth+).))
((Your rubbery body absorbs attacks. (AC +1, EV +1)))
((You are camouflaged when in or above water. (Stealth+)))
((You have tentacles for arms and can constrict up to eight enemies at once.))


Message History

You tentacle-slap the ball python. Your grab misses the ball python.
Your squeeze misses the ball python.
The ball python is heavily wounded.
The ball python misses you. The ball python closely misses you.
You tentacle-slap the ball python.
You kill the ball python!
You barely miss the rat. Your grab misses the rat. The rat closely misses you.
You tentacle-slap the rat.
You kill the rat!
No target in view!
Found a stone staircase leading down.
You see here a rat corpse.
A rat comes into view.
A rat is nearby!
Found a sharpened iron wand.
The rat misses you.
You tentacle-slap the rat but do no damage.
Your grab misses the rat. You squeeze the rat.
You kill the rat!
No target in view!
q - a wand of acid (9)
r - a red potion
There is a dry fountain here.
You now have 171 gold pieces (gained 9).
You pick up a book of Frost and begin reading...
You add the spells Freeze, Frozen Ramparts and Hailstorm to your library.
An ogre comes into view. It is wielding a +0 giant spiked club.
The ogre shouts!
Casting: Beastly Appendage (safe; 4% risk of failure)
Confirm with . or Enter, or press ? or * to list all spells.
The spell is extremely dangerous to miscast (28% risk of failure)!
Continue anyway?
You turn into a venomous arachnid creature.
The ogre barely misses you.
You hit the ogre.
The ogre is poisoned.
The ogre is lightly wounded.
You hit the ogre but do no damage.
The ogre looks as sick as possible!
The ogre is moderately wounded.
The ogre hits you with a +0 giant spiked club!!
Ouch! That really hurt!
You die...

#####........... ...
...##.....###.## .... ..
##........# .... #........###
... #######....+ ..#
8###8#....###+# ..
.......##.# #.# .####
......†##.###.###....# ....
................sO# #....
8###8#.........#### ....
#####......>.### ### ### ..#
#............#8###8###8##.#
#.......##.#..............#
#.......##.#..............###
#.......##.#................+
#.......##.#.#8###⌠###8#..###
#.......##.#############..#


You could see an ogre (extremely poisoned).

Vanquished Creatures
  3 adders
  A worm (D:2)
  3 dart slugs
  An orc (D:3)
  A bat (D:1)
  4 endoplasms
  15 giant cockroaches
  A goblin (D:2)
  4 hobgoblins
  4 jackals (D:2)
  2 kobolds (D:2)
  A quokka (D:3)
  4 ball pythons
  5 frilled lizards
  4 rats
53 creatures vanquished.

Notes
Turn   | Place    | Note
-------+----------+-------------------------------------------
     0 | D:1      | growler the Octopode Transmuter began the quest for the
                  | Orb.
     0 | D:1      | Reached XP level 1. HP: 13/13 MP: 3/3
   227 | D:1      | Reached XP level 2. HP: 14/18 MP: 5/5
   230 | D:1      | Learned a level 2 spell: Wereblood
   725 | D:2      | Reached XP level 3. HP: 20/23 MP: 2/6
   738 | D:2      | Learned a level 3 spell: Spider Form
   828 | D:2      | Found a shimmering altar of Xom.
  1067 | D:2      | Reached XP level 4. HP: 26/28 MP: 8/8
  1590 | D:3      | Noticed an ogre
  1595 | D:3      | Slain by an ogre

Illustrated notes

Levels and vault maps discovered:
D:1:      giann_horns, layout_basic, hangedman_decor_riveting
D:2:      minmay_roachtagon, layout_rooms, basic_altar
D:3:      layout_basic, lemuel_doored_altar,
          mainiacjoe_overflow_surrounded_room, serial_corexii_hall,
          corexii_hall_statues_i, corexii_hall_statues_x, minmay_circle_x

Skill      XL: |  1  2  3  4 |
---------------+-------------+-----
Transmutations | 3 |  3.0
Fighting       | |  1.1
Dodging        | |  2.1
Unarmed Combat | |  3.8
Spellcasting   | |  2.9

Action                     |  1- 3 |  4- 6 || total
---------------------------+-------+-------++-------
  Melee: Unarmed           |    80 |    43 ||   123
         Constrict         |    25 |     9 ||    34
         Kick              |    13 |     2 ||    15
         Tentacles         |    17 |     6 ||    23
         Punch             |     5 |     1 ||     6
   Cast: Beastly Appendage |    19 |     2 ||    21
         Wereblood         |     1 |       ||     1
         Spider Form       |       |     1 ||     1
   Stab: Sleeping          |     4 |     1 ||     5
 Armour: Skin              |     5 |     2 ||     7
  Dodge: Dodged            |    50 |    21 ||    71
